 Dungeon Crawl Stone Soup version 0.28-a0-1594-ga885d4b3d6 (webtiles) character file.

Game seed: 4410510895079351501

352 kae the Ruffian (level 6, -1/50 HPs)
             Began as a Draconian Transmuter on Jan 20, 2022.
             Splashed by a jelly's acid (7 damage)
             ... on level 5 of the Dungeon.
             The game lasted 00:02:53 (4822 turns).

kae the Ruffian (Draconian Transmuter)              Turns: 4822, Time: 00:02:54

Health: -1/50      AC: -2    Str: 12    XL:     6   Next: 34%
Magic:  8/10       EV: 19    Int: 16    God:
Gold:   272        SH:  0    Dex: 16    Spells: 6/10 levels left

rFire   . . .      SeeInvis .     - Unarmed
rCold   . . .      Faith    .   (shield currently unavailable)
rNeg    . . .      Spirit   .   (armour unavailable)
rPois   x          Reflect  .   (helmet currently unavailable)
rElec   .          Harm     .   (cloak currently unavailable)
rCorr   .          Rampage  .   (gloves currently unavailable)
Will    .....                   (boots currently unavailable)
Stlth   +.........              (no amulet)
HPRegen 0.16/turn               (no ring)
MPRegen 0.12/turn               (no ring)

@: spider-form (expiring), corroded
A: venomous fangs, AC +6, tiny, unfitting armour, (cold-blooded)
a: End Transformation


You were on level 5 of the Dungeon.
You were a venomous arachnid creature.
You visited 1 branch of the dungeon, and saw 5 of its levels.

You collected 272 gold pieces.

Inventory:

Wands
 a - a wand of digging (7)
 b - a wand of polymorph (15)
 e - a wand of iceblast (8)
Scrolls
 d - 2 scrolls of identify
Potions
 c - 2 potions of degeneration
 f - a potion of mutation


   Skills:
 + Level 2.4 Fighting
 + Level 2.6 Dodging
 * Level 4.4 Unarmed Combat
 + Level 2.8 Spellcasting
 * Level 3.8 Transmutations
 - Level 2.0 Poison Magic


You had 6 spell levels left.
You knew the following spells:

 Your Spells              Type           Power      Damage    Failure   Level
a - Beastly Appendage     Tmut           28%        N/A       13%         1
b - Spider Form           Tmut/Pois      11%        N/A       36%         3

Your spell library contained the following spells:

 Spells                   Type           Power      Damage    Failure   Level
 Wereblood                Tmut           14%        N/A       17%         2
 Apportation              Tloc           4%         N/A       38%         1
 Ozocubu's Armour         Ice            2%         N/A       71%         3
 Ice Form                 Ice/Tmut       8%         N/A       83%         4
 Alistair's Intoxication  Tmut/Pois      7%         N/A       95%         5
 Ozocubu's Refrigeration  Ice            1%         4d5       100%        7


Dungeon Overview and Level Annotations

Branches:
Dungeon (5/15)
 Temple: D:4-7

Altars:

Annotations:
D:5 Grinder


Innate Abilities, Weirdness & Mutations

You are a venomous arachnid creature.
You have poisonous fangs.
You are tiny and dextrous.
Your spellcasting is less reliable in this form.
Your armour is entirely melded.
You are incapable of wielding weapons or throwing items.
((Your plain brown scales are hard. (AC +6)))
You cannot fit into any form of body armour.
((You are cold-blooded and may be slowed by cold attacks.))


Message History

You hit the jackal but do no damage.
You headbutt the jackal, but do no damage.
The jackal is heavily wounded.
The jackal closely misses you.
You closely miss the jackal. Your kick misses the jackal.
You headbutt the jackal, but do no damage.
You tail-slap the jackal, but do no damage.
The jackal is heavily wounded.
The jackal barely misses you. The jackal bites you.
Casting: Beastly Appendage (safe; 4% risk of failure)
Confirm with . or Enter, or press ? or * to list all spells.
Your horns disappear.
Your talons disappear.
You turn into a venomous arachnid creature.
The jackal misses you.
Grinder comes into view.
The jackal bites you. The jelly closely misses you. The jackal misses you.
You bite the jackal!
You kill the jackal!
The jelly completely misses you.
You hit the jelly.
Your front legs burn!
The jelly is moderately wounded.
The jelly hits you.
You are splashed with acid!
* * * LOW HITPOINT WARNING * * *
You hit the jelly.
Your front legs burn!
* * * LOW HITPOINT WARNING * * *
The jelly is heavily wounded.
The jelly barely misses you.
You hit the jelly.
Your front legs burn!
* * * LOW HITPOINT WARNING * * *
The jelly is severely wounded.
The jelly hits you but does no damage.
Grinder says, "I used to sell toenails on the black market."
You see here an adder corpse.
Your transformation is almost over.
You can't go up here!
There is a stone staircase leading up here.
The jelly hits you.
* * * LOW HITPOINT WARNING * * *
The acid corrodes you!
You are splashed with acid!
You die...

#.#.# #.#.# #.#.#
#.#...#.#.# .
###.#.#.#.#.#
#.###.#.#.#.#.#.#
...........#.#.######.
............Js.......
# #...#.#.#5#.#######
....#..†..#.#.#.#
#.....†...†.5.#.#
..........#######
#..###......# .
#$.....# #......#
+......#


You could see Grinder and a jelly.

Vanquished Creatures
  A howler monkey (D:5)
  A centaur zombie (D:5)
  An orc priest (D:4)
  2 iguanas (D:4)
  3 orc wizards
  3 adders
  An ufetubus (D:5)
  2 worms
  3 dart slugs
  3 orcs
  8 ball pythons
  8 endoplasms
  2 giant cockroaches
  9 goblins
  5 hobgoblins
  4 jackals (D:5)
  2 quokkas
  10 bats
  3 frilled lizards
  9 kobolds
  4 rats
84 creatures vanquished.

Notes
Turn   | Place    | Note
-------+----------+-------------------------------------------
     0 | D:1      | kae the Draconian Transmuter began the quest for the Orb.
     0 | D:1      | Reached XP level 1. HP: 16/16 MP: 3/3
   441 | D:1      | Reached XP level 2. HP: 23/23 MP: 5/5
   802 | D:1      | Found a faded altar of an unknown god.
   823 | D:1      | Reached XP level 3. HP: 25/28 MP: 6/6
  2330 | D:2      | Learned a level 3 spell: Spider Form
  2335 | D:3      | Reached XP level 4. HP: 35/35 MP: 3/7
  3263 | D:4      | Reached XP level 5. HP: 37/41 MP: 2/8
  3463 | D:4      | Reached skill level 4 in Unarmed Combat
  3463 | D:4      | Reached skill level 1 in Poison Magic
  4750 | D:5      | Entered Level 5 of the Dungeon
  4765 | D:5      | Reached XP level 6. HP: 48/50 MP: 8/10
  4807 | D:5      | Noticed Grinder
  4822 | D:5      | Splashed by a jelly's acid

Illustrated notes

Levels and vault maps discovered:
D:1:      sevenhm_arrival_forest_fort_large_4, layout_rooms,
          basic_ecumenical_altar
D:2:      layout_loops_ring
D:3:      layout_basic, nicolae_figureground_pulse
D:4:      wander_river, layout_loops_ring
D:5:      layout_basic, lemuel_crystal_altar, amcnicky_mini_pool_small,
          minmay_tree_intersection, uniq_grinder, uniq_sigmund

Skill      XL: |  1  2  3  4  5  6 |
---------------+-------------------+-----
Dodging        | 2 |  2.6
Transmutations | 3 |  3.8
Fighting       | 2 |  2.4
Unarmed Combat | 4 |  4.4
Poison Magic   | 1 2 |  2.0
Spellcasting   | |  2.8

Action                   |  1- 3 |  4- 6 || total
-------------------------+-------+-------++-------
Melee: Unarmed           |   129 |   136 ||   265
       Headbutt          |    11 |     6 ||    17
       Kick              |    20 |    12 ||    32
       Tailslap          |     9 |    12 ||    21
       Punch             |     4 |     2 ||     6
 Cast: Beastly Appendage |    27 |    14 ||    41
       Spider Form       |     1 |     6 ||     7
  Use: Scroll            |     4 |     1 ||     5
 Stab: Distracted        |     1 |     1 ||     2
Armor: Skin              |    57 |    34 ||    91
Dodge: Dodged            |    88 |    95 ||   183

Table legend: (Time is in decaauts)
 A = Elapsed time spent in this place.
 B = Non-inter-level travel time spent in this place.
 C = Inter-level travel time spent in this place.
 D = Time resting spent in this place.
 E = Time spent auto-exploring this place.
 F = Levels seen in this place.
 G = Mean time per level.
                   A        B        C        D        E       F      G
               +--------+--------+--------+--------+--------+-----+--------+
         Total |   4815 |   4731 |     84 |    657 |   3444 |   5 |  963.0 |
       Dungeon |   4815 |   4731 |     84 |    657 |   3444 |   5 |  963.0 |
               +--------+--------+--------+--------+--------+-----+--------+

Top non-repeatable levels by time:
     D:2: 1272 daAuts
     D:4: 1235 daAuts
     D:1: 1204 daAuts
     D:3: 1036 daAuts
     D:5: 67 daAuts
